[Event "Titled Tuesday Blitz August 08 Early 2023"]
[White "Gavilan Diaz, Mario"]
[Black "Prohaszka, Peter"]
[WhiteFideId "2260905"]
[BlackFideId "726265"]
[WhiteElo "2506"]
[BlackElo "2724"]
[Result "0-1"]
[Round "5"]
[TimeControl "180+1"]
[Date "2023.08.08"]
[WhiteClock "0:00:10"]
[BlackClock "0:00:06"]
[Board "100"]

1. d4 d5 2. c4 e6 3. Nc3 Nf6 4. cxd5 exd5 5. Bg5 c6 6. Qc2 h6 7. Bh4 Be7 8. e3 O-O 9. Bd3 Re8 10. Nge2 Nbd7 11. O-O Nh5 12. Bxe7 Qxe7 13. Rab1 Nb6 14. b4 Bd7 15. a4 Nc8 16. b5 Nd6 17. bxc6 Bxc6 18. Qb3 Qg5 19. Bb5 Nc4 20. Rbd1 Re6 21. Ng3 Nxg3 22. hxg3 h5 23. Bxc4 dxc4 24. Qxc4 Rh6 25. d5 Bd7 26. Ne4 Qg6 27. Nc5 Bg4 28. f3 Bc8 29. Qf4 h4 30. g4 b6 31. Ne4 Ba6 32. Rf2 h3 33. g3 Rd8 34. d6 Kh7 35. Ng5+ Kg8 36. Ne4 Bb7 37. d7 Bxe4 38. fxe4 Qe6 39. Qc7 Qe7 40. Rdf1 f6 41. Rd1 Kf7 42. Qc4+ Qe6 43. Qc7 Ke7 44. a5 h2+ 45. Rxh2 Rxh2 46. Kxh2 Qxe4 47. axb6 Rh8+ 48. Kg1 Qh1+ 49. Kf2 Rh2# 0-1


[Site "https://www.chess.com"]

[Event "Titled Tuesday Blitz August 08 Early 2023"]
[White "Hulka, Valentyn"]
[Black "Willy, Stephen"]
[WhiteFideId "34107061"]
[BlackFideId "30981468"]
[WhiteElo "2719"]
[BlackElo "2505"]
[Result "1-0"]
[Round "5"]
[TimeControl "180+1"]
[Date "2023.08.08"]
[WhiteClock "0:00:07"]
[BlackClock "0:00:02"]
[Board "101"]

1. e4 d6 2. d4 Nf6 3. Nc3 g6 4. Nf3 Bg7 5. Be3 c6 6. Qd2 h6 7. h3 b5 8. Bd3 a5 9. a4 b4 10. Ne2 Ba6 11. O-O Nbd7 12. e5 Nd5 13. e6 N7f6 14. exf7+ Kxf7 15. Rfe1 Nxe3 16. fxe3 Re8 17. Nf4 Kg8 18. Bxg6 e5 19. Bxe8 Qxe8 20. Ne2 Ne4 21. Qd1 Rd8 22. c3 c5 23. Qc2 Nf6 24. dxe5 dxe5 25. Rad1 e4 26. Rxd8 Qxd8 27. Rd1 Bd3 28. Ne5 Nd5 29. Rxd3 exd3 30. Qxd3 Bxe5 31. e4 Qd7 32. exd5 Qxa4 33. Qg6+ Bg7 34. Nf4 Qd7 35. Nh5 Qf7 36. Qg4 Kh7 37. d6 Bf8 38. d7 Be7 39. Qe4+ Kg8 40. Nf4 Kf8 41. Ng6+ Kg7 42. Nxe7 Qf8 43. Qe5+ Kf7 44. Nf5 Qd8 45. Nd6+ Kf8 46. Qe8+ Kg7 47. Qxd8 a4 48. Qe7+ Kg6 49. d8=Q Kh5 50. Qg8 a3 51. Qe5+ Kh4 52. Qg4# 1-0


[Site "https://www.chess.com"]

[Event "Titled Tuesday Blitz August 08 Early 2023"]
[White "Djordjevic, Vuk"]
[Black "Shubenkova, Veronika"]
[WhiteFideId "902098"]
[BlackFideId "44124040"]
[WhiteElo "2714"]
[BlackElo "2503"]
[Result "0-1"]
[Round "5"]
[TimeControl "180+1"]
[Date "2023.08.08"]
[WhiteClock "0:00:00"]
[BlackClock "0:01:52"]
[Board "102"]

1. d4 d5 2. Bf4 e6 3. e3 Bd6 4. Bg3 f5 5. Nd2 Nf6 6. Ngf3 O-O 7. c4 c6 8. c5 Bc7 9. Bxc7 Qxc7 10. Ne5 Nbd7 11. f4 Nxe5 12. fxe5 Ne4 13. Bd3 Qa5 14. Bxe4 fxe4 15. a3 b6 16. Rc1 Ba6 17. cxb6 Qxb6 18. b4 Rf5 19. Nf1 Raf8 20. Ng3 Rf2 21. Rc2 R2f7 22. Qg4 Qb5 23. Rc3 Kh8 24. Kd1 Qa4+ 25. Kc1 Bd3 26. Nh5 a5 27. bxa5 Rb7 0-1


[Site "https://www.chess.com"]

[Event "Titled Tuesday Blitz August 08 Early 2023"]
[White "Shishkov, Andrei"]
[Black "Timmermans, Mark"]
[WhiteFideId "4500563"]
[BlackFideId "1026399"]
[WhiteElo "2501"]
[BlackElo "2713"]
[Result "0-1"]
[Round "5"]
[TimeControl "180+1"]
[Date "2023.08.08"]
[WhiteClock "0:00:09"]
[BlackClock "0:00:20"]
[Board "103"]

1. d4 Nf6 2. c4 e6 3. Nc3 Bb4 4. Qc2 O-O 5. e4 d5 6. e5 Ne4 7. Bd3 f5 8. exf6 Nxf6 9. Nf3 Nc6 10. O-O h6 11. a3 Bxc3 12. bxc3 Bd7 13. Re1 b6 14. h3 Na5 15. Ne5 dxc4 16. Nxc4 Nxc4 17. Bxc4 Nd5 18. Bd2 Qf6 19. f3 Rae8 20. Qe4 Qf7 21. Re2 Nf4 22. Bxf4 Qxf4 23. Qxf4 Rxf4 24. Rae1 Kf7 25. Kf2 Rf6 26. Re5 g5 27. Kg3 Bc6 28. d5 exd5 29. Bxd5+ Kf8 30. Rxe8+ Bxe8 31. Re5 Bd7 32. Kf2 Rd6 33. Ke3 c6 34. Be4 Rd1 35. g4 Ra1 36. Kd4 Rxa3 37. Bf5 Be8 38. Re6 c5+ 39. Kd3 Bb5+ 40. Kd2 Ra2+ 41. Ke3 Re2# 0-1


[Site "https://www.chess.com"]

[Event "Titled Tuesday Blitz August 08 Early 2023"]
[White "KarolKacprzak"]
[Black "Garakov, Mikhael"]
[BlackFideId "4169034"]
[WhiteElo "2685"]
[BlackElo "2499"]
[Result "1-0"]
[Round "5"]
[TimeControl "180+1"]
[Date "2023.08.08"]
[WhiteClock "0:01:46"]
[BlackClock "0:00:00"]
[Board "104"]

1. e4 c5 2. c3 d6 3. d4 Nf6 4. Bd3 Nc6 5. Nf3 Bg4 6. d5 Bxf3 7. Qxf3 Ne5 8. Bb5+ Nfd7 9. Qg3 a6 10. Be2 Nf6 11. f4 Ned7 12. Nd2 b5 13. O-O Qc7 14. b3 g6 15. Bb2 Bg7 16. Rab1 O-O 17. c4 bxc4 18. Bxc4 a5 19. a4 Nb6 20. Bb5 e6 21. dxe6 fxe6 22. Qd3 d5 23. Be5 Qb7 24. Rbc1 Rad8 25. Qh3 Qc8 26. Rfe1 dxe4 27. Bxf6 Bxf6 28. Nxe4 Bd4+ 29. Kh1 Nd5 30. Ng5 Qb7 31. Qxe6+ Kh8 32. Bc6 1-0


[Site "https://www.chess.com"]

[Event "Titled Tuesday Blitz August 08 Early 2023"]
[White "Malka, Samuel"]
[Black "Agibileg, Uurtsaikh"]
[WhiteFideId "20643675"]
[BlackFideId "4901606"]
[WhiteElo "2499"]
[BlackElo "2679"]
[Result "0-1"]
[Round "5"]
[TimeControl "180+1"]
[Date "2023.08.08"]
[WhiteClock "0:00:08"]
[BlackClock "0:00:47"]
[Board "105"]

1. d4 Nf6 2. c4 g6 3. Nc3 Bg7 4. e4 d6 5. Nf3 O-O 6. Be2 e5 7. O-O Nc6 8. d5 Ne7 9. Ne1 Nd7 10. Nd3 f5 11. f3 c5 12. Be3 f4 13. Bf2 g5 14. a3 Ng6 15. b4 b6 16. Na4 h5 17. bxc5 bxc5 18. Naxc5 dxc5 19. Nxc5 Nf6 20. Nd3 g4 21. Kh1 g3 22. Bg1 Nh4 23. Re1 Nh7 24. Bf1 Ng5 25. c5 Rf6 26. Ra2 Rg6 27. c6 Rb8 28. Bxa7 Rb5 29. Nxf4 exf4 30. Bxb5 Ngxf3 31. gxf3 g2+ 32. Kg1 Qa5 33. Bf2 Bd4 34. Bxd4 Nxf3+ 35. Kf2 Nxe1 36. Ke2 Qxb5+ 37. Kxe1 g1=Q+ 38. Bxg1 Rxg1+ 39. Kd2 Rxd1+ 40. Kxd1 Qb1+ 0-1


[Site "https://www.chess.com"]

[Event "Titled Tuesday Blitz August 08 Early 2023"]
[White "Tokman, Ariel"]
[Black "Nava, Roderick"]
[WhiteFideId "117420"]
[BlackFideId "5201730"]
[WhiteElo "2494"]
[BlackElo "2664"]
[Result "0-1"]
[Round "5"]
[TimeControl "180+1"]
[Date "2023.08.08"]
[WhiteClock "0:00:00"]
[BlackClock "0:00:29"]
[Board "106"]

1. e4 c5 2. Nf3 g6 3. Be2 Bg7 4. O-O Nf6 5. d3 Nc6 6. Nbd2 O-O 7. c3 d5 8. Qc2 b6 9. Re1 Bb7 10. Bf1 e5 11. exd5 Nxd5 12. Nc4 Re8 13. Bg5 f6 14. Bh4 Qc7 15. a4 Rad8 16. a5 b5 17. a6 Ba8 18. Na3 Rb8 19. Qb3 Na5 20. Qa2 Kh8 21. Bg3 Ne7 22. d4 Bxf3 23. gxf3 c4 24. dxe5 fxe5 25. Qb1 Nf5 26. Qe4 Nb3 27. Rad1 Qb6 28. Bh3 Nxg3 29. hxg3 Nc5 30. Qd5 Nd3 31. Rxd3 cxd3 32. Qxd3 Qxa6 33. Kg2 Qb6 34. Nc2 Rbd8 35. Qe2 a5 36. Bg4 b4 37. cxb4 axb4 38. Ne3 Qd4 39. Nc4 Qd3 40. Qxd3 Rxd3 41. Re2 b3 42. f4 e4 43. f5 Rd4 44. Ne3 Bh6 45. fxg6 hxg6 46. Bh3 Bxe3 47. Rxe3 Rd3 48. Re2 e3 49. Bg4 Rd2 50. Rxd2 exd2 51. Bd1 Re1 0-1


[Site "https://www.chess.com"]

[Event "Titled Tuesday Blitz August 08 Early 2023"]
[White "Papayan, Oleg"]
[Black "Golubev, Mikhail"]
[WhiteFideId "4193911"]
[BlackFideId "14100983"]
[WhiteElo "2492"]
[BlackElo "2658"]
[Result "1-0"]
[Round "5"]
[TimeControl "180+1"]
[Date "2023.08.08"]
[WhiteClock "0:01:22"]
[BlackClock "0:00:00"]
[Board "107"]

1. e4 c5 2. Nf3 d6 3. d4 cxd4 4. Qxd4 Nf6 5. Nc3 a6 6. e5 Nc6 7. Qa4 dxe5 8. Nxe5 Bd7 9. Nxd7 Qxd7 10. Be3 Rc8 11. Rd1 Qc7 12. Be2 e6 13. O-O Bd6 14. h3 O-O 15. Bg5 Be5 16. Rd3 h6 17. Be3 b5 18. Qh4 b4 19. Na4 Nd5 20. Bd2 Nf4 21. Bxf4 Bxf4 22. Rdd1 a5 23. Bd3 Bg5 24. Qe4 g6 25. h4 Bf6 26. h5 Ne5 27. hxg6 Nxg6 28. b3 Qf4 29. Rfe1 Qxe4 30. Rxe4 Rfd8 31. Nb6 Rb8 32. Nc4 a4 33. bxa4 Be7 34. Rg4 Kf8 35. Re1 Bc5 36. Bxg6 fxg6 37. Ne5 1-0


[Site "https://www.chess.com"]

[Event "Titled Tuesday Blitz August 08 Early 2023"]
[White "Brunner, Nicolas"]
[Black "Goh, Wei Ming Kevin"]
[WhiteFideId "620246"]
[BlackFideId "5800706"]
[WhiteElo "2490"]
[BlackElo "2654"]
[Result "1-0"]
[Round "5"]
[TimeControl "180+1"]
[Date "2023.08.08"]
[WhiteClock "0:00:19"]
[BlackClock "0:00:00"]
[Board "108"]

1. Nf3 c5 2. c4 Nc6 3. g3 g6 4. Bg2 Bg7 5. O-O d6 6. Nc3 e5 7. Ne1 Be6 8. d3 Nge7 9. Nc2 d5 10. cxd5 Nxd5 11. Ne3 Nb6 12. a4 Rc8 13. a5 Nd7 14. a6 b6 15. Nb5 Ndb8 16. Nc4 O-O 17. Ncd6 Nd4 18. Nxd4 Qxd6 19. Nxe6 Qxe6 20. Qa4 Nc6 21. Be3 Rfd8 22. Rac1 Nb4 23. Bd2 Bf8 24. Bb7 Rb8 25. Bxb4 cxb4 26. Rc6 Qf5 27. Qc2 Bc5 28. Rc7 Bd6 29. Be4 Qe6 30. Rxa7 Rdc8 31. Qa4 f5 32. Bb7 Rc7 33. Qb5 Bc5 34. Ra8 Rxa8 35. Bxa8 f4 36. Kg2 Ra7 37. Be4 Kg7 38. f3 Qc8 39. Ra1 Qc7 40. g4 Qd6 41. Qc4 Qf6 42. Bb7 h5 43. gxh5 Qg5+ 44. Kh1 Qxh5 45. Qd5 1-0


[Site "https://www.chess.com"]

[Event "Titled Tuesday Blitz August 08 Early 2023"]
[White "Weetik, Vjacheslav"]
[Black "marik_spb"]
[WhiteFideId "4153472"]
[WhiteElo "2652"]
[BlackElo "2490"]
[Result "1-0"]
[Round "5"]
[TimeControl "180+1"]
[Date "2023.08.08"]
[WhiteClock "0:00:50"]
[BlackClock "0:00:00"]
[Board "109"]

1. d4 Nf6 2. c4 g6 3. Nc3 Bg7 4. e4 d6 5. Nf3 O-O 6. Be2 c5 7. d5 b5 8. cxb5 a6 9. b6 Qxb6 10. Nd2 Nbd7 11. O-O a5 12. Nc4 Qc7 13. Bf4 Ba6 14. Re1 Rfb8 15. Qc2 Nb6 16. Na3 Bxe2 17. Rxe2 Ng4 18. Nab5 Qc8 19. a4 Nc4 20. Bg3 h5 21. h3 Nge5 22. Rae1 Nb6 23. f4 Nec4 24. b3 Bd4+ 25. Bf2 Nxa4 26. bxa4 Bxf2+ 27. Rxf2 Nb6 28. e5 Qb7 29. Qe4 dxe5 30. fxe5 Rd8 31. Ref1 Nxd5 32. Rxf7 Qc6 33. e6 1-0


[Site "https://www.chess.com"]

[Event "Titled Tuesday Blitz August 08 Early 2023"]
[White "Piesik, Piotr"]
[Black "Ocido, Michael"]
[WhiteFideId "1136194"]
[BlackFideId "115201920"]
[WhiteElo "2650"]
[BlackElo "2490"]
[Result "1-0"]
[Round "5"]
[TimeControl "180+1"]
[Date "2023.08.08"]
[WhiteClock "0:01:48"]
[BlackClock "0:00:03"]
[Board "110"]

1. Nf3 d5 2. g3 Nf6 3. Bg2 e6 4. O-O Be7 5. d3 O-O 6. Nbd2 c5 7. e4 dxe4 8. dxe4 Nc6 9. c3 b6 10. Qe2 Qc7 11. Re1 Bb7 12. Nf1 Rad8 13. Bf4 e5 14. Bg5 Nxe4 15. Qxe4 Nd4 16. Qxe5 Bd6 17. Bxd8 Bxe5 18. Bxc7 Bxf3 1-0


[Site "https://www.chess.com"]

[Event "Titled Tuesday Blitz August 08 Early 2023"]
[White "Rychagov, Andrey"]
[Black "Rottenwohrer Suarez, Juan"]
[WhiteFideId "4119932"]
[BlackFideId "32068182"]
[WhiteElo "2650"]
[BlackElo "2487"]
[Result "1-0"]
[Round "5"]
[TimeControl "180+1"]
[Date "2023.08.08"]
[WhiteClock "0:01:27"]
[BlackClock "0:00:00"]
[Board "111"]

1. d4 d5 2. c4 e6 3. Nf3 Nf6 4. Nc3 Be7 5. Bf4 O-O 6. e3 b6 7. Rc1 Ba6 8. Qa4 Bxc4 9. Bxc4 dxc4 10. Qxc4 c5 11. dxc5 Bxc5 12. O-O Nbd7 13. Rfd1 Qe7 14. a3 a5 15. Na4 Rfc8 16. Qb5 h6 17. h3 e5 18. Bg3 Rab8 19. Nd2 Bd6 20. Nc4 Bc7 21. Nc3 Nc5 22. Bh4 g5 23. Bg3 Nfe4 24. Nxe4 Nxe4 25. Bxe5 Bxe5 26. Nxe5 Rxc1 27. Rxc1 Qf6 28. Ng4 Qg7 29. Rc6 Rd8 30. Nxh6+ Kh7 31. Qf5+ Kh8 32. Nxf7+ 1-0


[Site "https://www.chess.com"]

[Event "Titled Tuesday Blitz August 08 Early 2023"]
[White "Kleiman, Jake"]
[Black "Yashmetov, Mikhail"]
[WhiteFideId "2020041"]
[BlackFideId "24198900"]
[WhiteElo "2646"]
[BlackElo "2485"]
[Result "1-0"]
[Round "5"]
[TimeControl "180+1"]
[Date "2023.08.08"]
[WhiteClock "0:01:02"]
[BlackClock "0:00:00"]
[Board "112"]

1. e4 c5 2. Nf3 Nc6 3. c3 d5 4. exd5 Qxd5 5. d4 Nf6 6. Na3 cxd4 7. Nb5 Qd8 8. Nbxd4 Nxd4 9. Nxd4 e6 10. Bd3 Be7 11. O-O O-O 12. Qe2 Bd7 13. Bf4 Qb6 14. Rad1 Rfd8 15. Rfe1 Ba4 16. Rd2 Rd7 17. Qf3 Rad8 18. Rde2 a6 19. Qh3 Bb5 20. Bxb5 axb5 21. a3 Nd5 22. Bc1 Bf6 23. Nf3 Ne7 24. Qg4 Ng6 25. h4 Qc5 26. h5 Nf8 27. h6 Ng6 28. hxg7 Bxg7 29. Bg5 Re8 30. Qh3 Qc4 31. Bc1 Nf4 32. Bxf4 Qxf4 33. Re4 Qf6 34. Qh5 Qg6 35. Qxb5 Rd5 36. Qxe8+ Bf8 37. Ne5 Qf5 38. Rg4+ 1-0


[Site "https://www.chess.com"]

[Event "Titled Tuesday Blitz August 08 Early 2023"]
[White "Tarhan, Adar"]
[Black "Shohat, Yotam"]
[WhiteFideId "34544712"]
[BlackFideId "2813955"]
[WhiteElo "2634"]
[BlackElo "2482"]
[Result "1-0"]
[Round "5"]
[TimeControl "180+1"]
[Date "2023.08.08"]
[WhiteClock "0:00:33"]
[BlackClock "0:00:01"]
[Board "113"]

1. d4 Nf6 2. Bg5 d5 3. Bxf6 exf6 4. c4 c5 5. cxd5 Qxd5 6. Nf3 cxd4 7. Nc3 Bb4 8. Qa4+ Nc6 9. Qxb4 Nxb4 10. Nxd5 Nxd5 11. Nxd4 Be6 12. e3 Ke7 13. Be2 Rac8 14. Bf3 Rhd8 15. a3 f5 16. g3 g6 17. O-O a6 18. Rac1 h5 19. h4 Kd6 20. Rfd1 Rxc1 21. Rxc1 Rc8 22. Rd1 Ke5 23. Kf1 b5 24. Ke2 Rc4 25. Kd2 f4 26. gxf4+ Nxf4 27. Nc6+ Rxc6 28. Bxc6 Nh3 29. f4+ Kf5 30. Bf3 Nf2 31. Rc1 Ne4+ 32. Kd3 Nf6 33. Rc5+ 1-0


[Site "https://www.chess.com"]

[Event "Titled Tuesday Blitz August 08 Early 2023"]
[White "Vivas Zamora, Fabian Ernesto"]
[Black "Popilski, Gil"]
[WhiteFideId "3902480"]
[BlackFideId "2809060"]
[WhiteElo "2481"]
[BlackElo "2624"]
[Result "0-1"]
[Round "5"]
[TimeControl "180+1"]
[Date "2023.08.08"]
[WhiteClock "0:00:00"]
[BlackClock "0:00:05"]
[Board "114"]

1. e4 c5 2. Nf3 d6 3. d4 cxd4 4. Nxd4 Nf6 5. Nc3 g6 6. Be3 Bg7 7. f3 O-O 8. Qd2 Nc6 9. O-O-O d5 10. Nxc6 bxc6 11. Bc4 e6 12. Bb3 Qa5 13. Kb1 Qc7 14. h4 Bb7 15. h5 Rad8 16. Bf4 e5 17. Bh6 d4 18. Na4 Bh8 19. Bxf8 Kxf8 20. hxg6 fxg6 21. Nc5 Bc8 22. f4 exf4 23. Rdf1 g5 24. g3 Qe7 25. gxf4 g4 26. Qa5 g3 27. Rhg1 Nh5 28. Ne6+ Bxe6 29. Bxe6 c5 30. f5 Be5 31. Qb5 Nf6 32. Rh1 Kg7 33. Rfg1 Kh8 34. Qe2 Qg7 35. Qf3 d3 36. cxd3 Ng4 37. Rg2 Nf2 0-1


[Site "https://www.chess.com"]

[Event "Titled Tuesday Blitz August 08 Early 2023"]
[White "kuanysh1981"]
[Black "Gamayev, Oleg"]
[BlackFideId "2802813"]
[WhiteElo "2481"]
[BlackElo "2623"]
[Result "1-0"]
[Round "5"]
[TimeControl "180+1"]
[Date "2023.08.08"]
[WhiteClock "0:01:57"]
[BlackClock "0:02:14"]
[Board "115"]

1. d4 d6 2. c4 Nf6 3. Nc3 e5 4. Nf3 exd4 5. Nxd4 c6 6. g3 Nbd7 7. Bg2 Nb6 8. b3 Be7 9. O-O O-O 10. a4 a5 11. Bb2 Re8 12. e4 Bf8 13. h3 Nbd7 14. Re1 Nc5 15. Qc2 Qb6 16. Rad1 Na6 17. Kh2 Nd7 18. Nf5 Qc7 19. Ne2 Nb4 20. Qc3 f6 21. f4 Nc5 22. Ned4 Bxf5 23. Nxf5 Rad8 24. Rd2 g6 25. Qxf6 gxf5 26. Qh8+ Kf7 27. Qxh7+ Ke6 28. exf5# 1-0


[Site "https://www.chess.com"]

[Event "Titled Tuesday Blitz August 08 Early 2023"]
[White "HamedWafa4"]
[Black "Rosh Jain"]
[BlackFideId "25789465"]
[WhiteElo "2618"]
[BlackElo "2480"]
[Result "1-0"]
[Round "5"]
[TimeControl "180+1"]
[Date "2023.08.08"]
[WhiteClock "0:01:18"]
[BlackClock "0:00:01"]
[Board "116"]

1. e4 c5 2. Nf3 d6 3. Bb5+ Nd7 4. c4 Nf6 5. O-O Nxe4 6. Re1 Nf6 7. d4 cxd4 8. Nxd4 g6 9. Nc6 bxc6 10. Bxc6 Rb8 11. Qxd6 Qa5 12. Nc3 Kd8 13. Qf4 Qc7 14. Qf3 Bb7 15. Bxb7 Qxb7 16. Nd5 Nxd5 17. cxd5 Nf6 18. Bf4 Rc8 19. Rad1 Nd7 20. Bd2 Bg7 21. Qxf7 Bf6 22. Bc3 Rf8 23. Qxh7 Bxc3 24. Qxe7+ Kc7 25. bxc3 Kb8 26. Rb1 Nb6 27. Qe5+ Ka8 28. d6 Qf7 29. f3 Qb7 30. a4 Qc6 31. a5 Nd7 32. Qe7 a6 33. Kh1 Rce8 34. Qxe8+ Rxe8 35. Rxe8+ Ka7 36. Rd1 Qxc3 37. Re7 Qc6 38. Rg7 Qa4 39. Re1 Kb8 40. h3 Qxa5 41. Re8+ Kb7 42. Rxd7+ Kc6 43. Rde7 Qa1+ 44. Re1 Kxd6 45. Rxa1 1-0


[Site "https://www.chess.com"]

[Event "Titled Tuesday Blitz August 08 Early 2023"]
[White "Tregubov, Pavel V."]
[Black "Rodchenkov, Sergey D."]
[WhiteFideId "4115341"]
[BlackFideId "4168712"]
[WhiteElo "2618"]
[BlackElo "2474"]
[Result "1-0"]
[Round "5"]
[TimeControl "180+1"]
[Date "2023.08.08"]
[WhiteClock "0:01:06"]
[BlackClock "0:00:02"]
[Board "117"]

1. e4 c5 2. Nf3 d6 3. Bb5+ Nd7 4. Ba4 Nf6 5. O-O a6 6. c4 e6 7. Nc3 Be7 8. d4 cxd4 9. Qxd4 O-O 10. Rd1 Qc7 11. Bxd7 Bxd7 12. Bf4 Rfd8 13. Bxd6 Bxd6 14. Qxd6 Qxc4 15. Ne5 Qc8 16. Qe7 Be8 17. Rxd8 Qxd8 18. Qxb7 Rb8 19. Qxa6 Qd4 20. Nf3 Qb4 21. Qd3 Bc6 22. Nd2 Ng4 23. Nc4 Qc5 24. Rf1 h5 25. b3 Qg5 26. h3 Rd8 27. Qg3 Qf6 28. hxg4 h4 29. g5 Qd4 30. Qe3 Qxe3 1-0


[Site "https://www.chess.com"]

[Event "Titled Tuesday Blitz August 08 Early 2023"]
[White "Omariev, Maksim"]
[Black "Sharavdorj, Dashzegve"]
[WhiteFideId "4193423"]
[BlackFideId "4900340"]
[WhiteElo "2473"]
[BlackElo "2617"]
[Result "0-1"]
[Round "5"]
[TimeControl "180+1"]
[Date "2023.08.08"]
[WhiteClock "0:01:35"]
[BlackClock "0:02:38"]
[Board "118"]

1. e4 c5 2. Nf3 e6 3. d4 cxd4 4. Nxd4 Nc6 5. Nxc6 bxc6 6. c4 Nf6 7. Nc3 e5 8. Bd3 Bc5 9. O-O d6 10. Kh1 Ng4 11. Qf3 Qh4 12. Qg3 Nxf2+ 13. Rxf2 Qxg3 14. hxg3 Bxf2 0-1


[Site "https://www.chess.com"]

[Event "Titled Tuesday Blitz August 08 Early 2023"]
[White "Komov, Roman"]
[Black "slidingknight2775"]
[WhiteFideId "24175714"]
[WhiteElo "2611"]
[BlackElo "2464"]
[Result "1/2-1/2"]
[Round "5"]
[TimeControl "180+1"]
[Date "2023.08.08"]
[WhiteClock "0:00:07"]
[BlackClock "0:00:10"]
[Board "120"]

1. e4 c6 2. d4 d5 3. e5 Bf5 4. h4 h5 5. c4 e6 6. Nc3 Nd7 7. cxd5 cxd5 8. Bd3 Bxd3 9. Qxd3 a6 10. Nf3 Nh6 11. O-O Nf5 12. Nxd5 Nxe5 13. dxe5 Qxd5 14. Qxd5 exd5 15. Rd1 Be7 16. Rxd5 Nxh4 17. Nxh4 Bxh4 18. Be3 Rd8 19. Rad1 Rxd5 20. Rxd5 Be7 21. Bb6 Rh6 22. Bd4 Rc6 23. Bc3 g6 24. g3 Rc7 25. Rd3 Rd7 26. Re3 Rd1+ 27. Kg2 Kd7 28. Kf3 Ke6 29. Ke2 Rd5 30. Re4 g5 31. Rc4 Rc5 32. Re4 g4 33. f3 gxf3+ 34. Kxf3 b5 35. Ke2 Rd5 36. a3 Bd8 37. Rf4 Bg5 38. Rf1 h4 39. gxh4 Bxh4 40. Rh1 Bg3 41. Rh6+ Ke7 42. Rxa6 Bxe5 43. Bb4+ Kd7 44. Ra7+ Ke6 45. Ra6+ Kd7 46. b3 f5 47. Ke3 Bd6 48. Bc3 Bc5+ 49. Ke2 Bd6 50. Bd2 Re5+ 51. Kf3 Rd5 52. Ke2 Re5+ 53. Kf2 Rd5 54. Be3 Bc5 55. Bxc5 Rxc5 56. Ke2 Rc3 57. a4 Rxb3 58. a5 Ra3 59. Ra7+ Kc6 60. Rf7 Rxa5 61. Rxf5 Kb6 62. Kd2 Ra4 63. Kc2 Ka5 64. Kb3 Rb4+ 65. Ka3 Ra4+ 66. Kb3 Rb4+ 67. Ka3 Ra4+ 68. Kb3 1/2-1/2


[Site "https://www.chess.com"]

[Event "Titled Tuesday Blitz August 08 Early 2023"]
[White "AdvanceGuard4"]
[Black "Sadykov, Ramil"]
[BlackFideId "24113590"]
[WhiteElo "2463"]
[BlackElo "2605"]
[Result "1-0"]
[Round "5"]
[TimeControl "180+1"]
[Date "2023.08.08"]
[WhiteClock "0:00:08"]
[BlackClock "0:00:01"]
[Board "121"]

1. d4 Nf6 2. c4 e6 3. Nf3 c5 4. e3 cxd4 5. exd4 d5 6. Nc3 Bb4 7. Bd2 O-O 8. c5 b6 9. a3 Bxc3 10. Bxc3 Ne4 11. Rc1 a5 12. Bb5 Ba6 13. Qe2 a4 14. O-O bxc5 15. dxc5 Nxc3 16. Rxc3 Bxb5 17. Qxb5 Ra5 18. Qd3 Nc6 19. Nd4 Qc7 20. Nxc6 Qxc6 21. Qd4 Rc8 22. Rfc1 f6 23. h4 e5 24. Qd1 d4 25. Rc4 Qd5 26. Rxa4 Raxc5 27. Rxc5 Rxc5 28. Ra7 e4 29. Qg4 Rc1+ 30. Kh2 Qe5+ 31. g3 f5 32. Ra8+ Kf7 33. Qh5+ Ke6 34. Re8+ Kd6 35. Rxe5 Kxe5 36. Qe8+ Kf6 37. Qd8+ Ke5 38. Qe7+ Kd5 39. Qd7+ Ke5 40. Qb5+ Ke6 41. Qb6+ Ke5 42. Qb8+ Ke6 43. Qg8+ Kf6 44. a4 d3 45. Qd8+ Ke5 46. a5 Rc5 47. a6 Rd5 48. Qc7+ Ke6 49. a7 d2 50. a8=Q d1=Q 51. Qe8+ Kf6 52. Qce7# 1-0


[Site "https://www.chess.com"]

[Event "Titled Tuesday Blitz August 08 Early 2023"]
[White "Subelj, Jan"]
[Black "Iljin, Timofey"]
[WhiteFideId "14618583"]
[BlackFideId "14110180"]
[WhiteElo "2603"]
[BlackElo "2459"]
[Result "0-1"]
[Round "5"]
[TimeControl "180+1"]
[Date "2023.08.08"]
[WhiteClock "0:00:12"]
[BlackClock "0:00:11"]
[Board "122"]

1. e4 e5 2. Nf3 Nc6 3. a4 Nf6 4. d3 d5 5. Nbd2 a6 6. Be2 Bc5 7. O-O O-O 8. c3 h6 9. b4 Bb6 10. Bb2 Be6 11. h3 d4 12. cxd4 Bxd4 13. Bxd4 Nxd4 14. Nxe5 Nxe2+ 15. Qxe2 Qd4 16. Nec4 b5 17. Qe3 Qc3 18. Rfc1 Qxb4 19. Ne5 bxa4 20. Nc6 Qb5 21. d4 Rfe8 22. Qa3 Bb3 23. e5 Nh5 24. Rab1 Nf4 25. Nxb3 Ne2+ 26. Kh2 Nxc1 27. Qxc1 axb3 28. Qc3 a5 29. Rxb3 Qd5 30. Rb7 a4 31. Rxc7 a3 32. Nb4 Qa5 33. Qc4 Rf8 34. e6 fxe6 35. Qxe6+ Kh8 36. Qe7 Qg5 37. Qxg5 hxg5 38. Rc2 Rfb8 39. Nd5 a2 40. Ne7 a1=Q 41. Rc5 Qxd4 42. Rxg5 Qf4+ 43. Rg3 Qxg3+ 44. fxg3 Kh7 45. Nf5 Rb2 46. Nh4 Raa2 47. g4 g5 48. Nf3 Rxg2+ 49. Kh1 Rgb2 50. Nxg5+ Kg6 51. Nf3 Rb1+ 52. Ng1 Raa1 53. Kg2 Rxg1+ 54. Kf3 Raf1+ 55. Ke4 Re1+ 56. Kf4 Rgf1+ 57. Kg3 Re3+ 58. Kh4 Rff3 59. g5 Rf4# 0-1


[Site "https://www.chess.com"]

[Event "Titled Tuesday Blitz August 08 Early 2023"]
[White "Liyanage, Ranindu Dilshan"]
[Black "TrompeterImEther"]
[WhiteFideId "9915834"]
[WhiteElo "2596"]
[BlackElo "2451"]
[Result "1-0"]
[Round "5"]
[TimeControl "180+1"]
[Date "2023.08.08"]
[WhiteClock "0:00:04"]
[BlackClock "0:00:00"]
[Board "123"]

1. e4 c5 2. Nc3 e6 3. g3 Nc6 4. Bg2 g6 5. Nge2 Bg7 6. d3 Nge7 7. Be3 d6 8. Qd2 O-O 9. h4 h5 10. Bh6 Nd4 11. Nxd4 cxd4 12. Ne2 e5 13. c3 dxc3 14. Nxc3 Be6 15. O-O Rc8 16. Bxg7 Kxg7 17. d4 Bc4 18. Rfd1 Nc6 19. dxe5 dxe5 20. Qe3 Nd4 21. Rac1 Qa5 22. Kh1 Be6 23. f4 Bg4 24. Rd2 f6 25. Rf1 b5 26. Nd5 Qxa2 27. Kh2 Qb3 28. Rd3 Qxb2 29. fxe5 fxe5 30. Rd2 Qb3 31. Qg5 Rxf1 32. Qxe5+ Kh7 33. Qxd4 Rf7 34. Nf6+ Kh6 35. e5 Qe6 36. Bd5 Qe7 37. Qf4+ Kg7 38. Bxf7 Qxf7 39. Qd4 Qe6 40. Qxa7+ Qf7 41. Qd4 1-0


[Site "https://www.chess.com"]

[Event "Titled Tuesday Blitz August 08 Early 2023"]
[White "Andreev, Konstantin"]
[Black "Kassimov, Baurzhan"]
[WhiteFideId "24239305"]
[BlackFideId "13704800"]
[WhiteElo "2595"]
[BlackElo "2447"]
[Result "1-0"]
[Round "5"]
[TimeControl "180+1"]
[Date "2023.08.08"]
[WhiteClock "0:00:36"]
[BlackClock "0:00:00"]
[Board "124"]

1. e4 e5 2. Nf3 Nc6 3. Bc4 Nf6 4. d3 Bc5 5. c3 d6 6. Bb3 a5 7. a4 h6 8. h3 O-O 9. O-O Ba7 10. Bc2 Ne7 11. Re1 Ng6 12. d4 Qe7 13. Nbd2 Nh5 14. Nf1 Nhf4 15. Kh2 Nh4 16. Bxf4 exf4 17. N1d2 c6 18. Qe2 Bb8 19. Qd3 Ng6 20. e5 dxe5 21. Nxe5 Bxe5 22. Nf3 Qf6 23. Nxe5 Rd8 24. Nxg6 fxg6 25. Qxg6 Qxg6 26. Bxg6 Bd7 27. Re7 b5 28. axb5 cxb5 29. Rae1 b4 30. cxb4 axb4 31. d5 Kf8 32. d6 Kg8 33. R1e4 Bc6 34. Rc4 Rxd6 35. Bf7+ Kf8 36. Rc7 Bb5 37. Rxf4 g5 38. Rf5 Kg7 39. Rxb5 1-0


[Site "https://www.chess.com"]